 Dungeon Crawl Stone Soup version 0.22-a0-409-gb855193 (webtiles) character file.

31 CanOfBees the Gusty (level 3, 20/20 HPs)
             Began as a Tengu Air Elementalist on May 10, 2018.
             Got out of the dungeon alive.
             The game lasted 00:02:34 (1073 turns).

CanOfBees the Gusty (Tengu Air Elementalist)        Turns: 1073, Time: 00:02:35

Health: 20/20      AC:  2    Str:  9    XL:     3   Next: 22%
Magic:  7/7        EV: 12    Int: 15    God:
Gold:   31         SH:  0    Dex: 14    Spells: 1/7 levels left

rFire    . . .     SeeInvis .   j - -3 whip (curse)
rCold    . . .     Gourm    .   (no shield)
rNeg     . . .     Faith    .   a - +0 robe
rPois    .         Spirit   .   (helmet restricted)
rElec    .         Reflect  .   (no cloak)
rCorr    .         Harm     .   (no gloves)
MR       .....                  (boots unavailable)
Stlth    ++........             (no amulet)
HPRegen  0.06/turn              (no ring)
MPRegen  0.10/turn              (no ring)

@: no status effects
A: beak, talons 3
a: no special abilities


You escaped.
You were hungry.

You visited 1 branch of the dungeon, and saw 2 of its levels.

You collected 31 gold pieces.

Inventory:

Hand Weapons
 g - a +0 dagger
 j - a cursed -3 whip (weapon)
Armour
 a - a +0 robe (worn)
Scrolls
 b - a scroll of identify
 i - a scroll of enchant armour
Potions
 d - a potion of resistance {unknown}
 e - a potion of curing {unknown}
 h - a potion of ambrosia {unknown}
 k - 2 potions of lignification {unknown}
Comestibles
 c - a ration


   Skills:
 + Level 1.0 Fighting
 - Level 2.1 Dodging
 - Level 2.0 Stealth
 + Level 2.5 Spellcasting
 - Level 2.0 Conjurations
 + Level 4.6 Air Magic


You had one spell level left.
You knew the following spells:

 Your Spells              Type           Power        Failure   Level  Hunger
a - Shock                 Conj/Air       ##..         5%          1    #......
b - Swiftness             Chrm/Air       #.......     12%         2    ###....
c - Static Discharge      Conj/Air       ##......     16%         3    ###....


Dungeon Overview and Level Annotations

Branches:
Dungeon (2/15)

Altars:


Innate Abilities, Weirdness & Mutations

You have a beak for a mouth.
You have claws for feet.


Message History

There is a stone staircase leading up here.
You climb upwards.
There is a stone staircase leading down here.
Saving game... please wait.
Welcome back, CanOfBees the Tengu Air Elementalist.
Press ? for a list of commands and other information.
Done exploring.
Magic restored.
There is a stone staircase leading down here.
You climb downwards.
There is a stone staircase leading up here.
You climb upwards.
There is a stone staircase leading down here.
You see here a club.
There is an open door here.
You open the door.
There is an open door here.
There is a staircase leading out of the dungeon here.
Are you sure you want to leave the Dungeon?
This will make you lose the game!
You have escaped!

..........#...#≈.≈#§≈≈#..# #..
...#......#...#≈.≈#≈≈.#.## #.#
##.#......#...#≈.≈#≈..#.# #.#
#..#.####.#...#...#...#.#######.#
......# #.#...........#.#.......#
#.....###.#...........#.#.#######
.....#.#..#...........#)#.#
....#..##.#...........#.#.####
#..#...##.#.....@.....#.#..(.#
###...###.#...........#.#....##
.##...##..#############.#.....#
...#...##...............##....#
#...#).####..##.#####....'....#
.....#.####.........#...##...##
......##..........#.....##...#
########.####...........##...#
#######..'..............##...#


There were no monsters in sight!

Vanquished Creatures
  An ooze (D:1)
  2 dart slugs (D:1)
  A leopard gecko (D:1)
  2 giant cockroaches
  2 hobgoblins (D:1)
  3 kobolds (D:1)
  4 bats (D:1)
  4 goblins (D:1)
  2 rats (D:1)
21 creatures vanquished.

Notes
Turn   | Place    | Note
-------+----------+-------------------------------------------
     0 | D:1      | CanOfBees the Tengu Air Elementalist began the quest for the Orb.
     0 | D:1      | Reached XP level 1. HP: 10/10 MP: 4/4
    85 | D:1      | Reached XP level 2. HP: 15/15 MP: 0/6
   299 | D:1      | Learned a level 2 spell: Swiftness
   606 | D:1      | Reached XP level 3. HP: 14/20 MP: 4/7
   838 | D:1      | Learned a level 2 spell: Swiftness
   842 | D:1      | Learned a level 3 spell: Static Discharge
   982 | D:2      | Reached skill level 1 in Fighting
  1073 | D:$      | Got out of the dungeon alive.

Vault maps used:
D:1:      lightli_arrival_quake, minivault_14, hangedman_decor_slide_cut

Skill      XL: |  1  2  3 |
---------------+----------+-----
Conjurations   | 2 |  2.0
Fighting       | 1 |  1.0
Dodging        | |  2.1
Stealth        | |  2.0
Spellcasting   | |  2.5
Air Magic      | |  4.6

Action                   || total
-------------------------++-------
Melee: Whip              ||     5
       Kick              ||     3
       Peck              ||     2
 Cast: Shock             ||    39
  Use: Scroll            ||     3
Armor: Robe              ||     6
Dodge: Dodged            ||     8

Table legend:
 A = Spawn XP
 B = Non-spawn XP
 C = Spawn XP percentage of total XP
 D = Spawn monster count
 E = Non-spawn monster count
 F = Spawn count percentage of total count
 G = Total turns spent on level
                    A         B        C        D         E        F      G
               +---------+---------+-------+---------+---------+-------+---------
         Total |       0 |      45 |   0.0 |       0 |      21 |   0.0 |  1073
               +---------+---------+-------+---------+---------+-------+---------
           D:1 |       0 |      43 |   0.0 |       0 |      20 |   0.0 |  1048
           D:2 |       0 |       2 |   0.0 |       0 |       1 |   0.0 |    25
               +---------+---------+-------+---------+---------+-------+---------
